 Dungeon Crawl Stone Soup version 0.32-a0-933-ga8fa3634e4 (webtiles) character file.

Game seed: 1638971434661751998

85 KennySheep the Magician (level 4, -1/25 HPs)
             Began as a Deep Elf Hedge Wizard on Apr 15, 2024.
             Was a Believer of Cheibriados.
             Slain by a gnoll
             ... wielding a +0 whip
              (3 damage)
             ... on level 3 of the Dungeon.
             The game lasted 00:07:49 (1501 turns).

KennySheep the Magician (Deep Elf Hedge Wizard)     Turns: 1501, Time: 00:07:49

Health: -1/25      AC:  2    Str: 12    XL:     4   Next: 25%
Magic:  3/12       EV: 12    Int: 24    God:    Cheibriados [**....]
Gold:   72         SH:  0    Dex: 21    Spells: 4/12 levels left

rFire   . . .        a - +0 dagger
rCold   . . .        (no shield)
rNeg    . . .        b - +0 robe
rPois   .            c - +0 hat
rElec   .            (no cloak)
rCorr   .            (no gloves)
SInv    .            (no boots)
Will    +....        (no amulet)
Stlth   +++          (no ring)
HPRegen 0.24/turn    (no ring)
MPRegen 0.13/turn

%: no passive effects
@: attractive, enlightened, flying, very slow
A: no striking features
a: Renounce Religion, Bend Time


You were on level 3 of the Dungeon.
You worshipped Cheibriados.
Cheibriados was pleased with you.
You visited 1 branch of the dungeon, and saw 4 of its levels.

You collected 72 gold pieces.

Inventory:

Hand Weapons
 a - a +0 dagger (weapon)
Armour
 b - a +0 robe (worn)
 c - a +0 hat (worn)
Scrolls
 e - a scroll of teleportation
 g - a scroll of identify {unknown}
 h - a scroll of poison
 i - a scroll of enchant armour {unknown}
 j - a scroll of vulnerability
 k - a scroll of torment {unknown}
 l - 2 scrolls of revelation
Potions
 d - a potion of magic
 n - a potion of attraction


   Skills:
 + Level 1.0 Fighting
 * Level 2.5 Ranged Weapons
 + Level 3.0 Dodging
 + Level 3.2 Stealth
 + Level 4.8 Spellcasting
 - Level 1.1 Conjurations
 - Level 1.1 Summonings
 - Level 1.1 Translocations
 + Level 1.3 Invocations


You had 4 spell levels left.
You knew the following spells:

 Your Spells              Type           Power      Damage    Failure   Level
a - Magic Dart            Conj           44%        1d5       6%          1
b - Blink                 Tloc           22%        N/A       9%          2
c - Call Imp              Summ           22%        N/A       9%          2
d - Mephitic Cloud        Conj/Alch/Air  7%         N/A       24%         3

Your spell library contained the following spells:

 Spells                   Type           Power      Damage    Failure   Level
 Slow                     Hex            20%        N/A       9%          1
 Cigotuvi's Dreadful Rot  Necr/Alch/Air  10%        N/A       14%         2


Dungeon Overview and Level Annotations

Branches:
Dungeon (4/15)
 Temple: D:4-7

Altars:
Cheibriados

Annotations:
D:4 Edmund


Message History

The gnoll hits your cerulean imp with a +0 whip.
Your cerulean imp barely misses the gnoll.
The gnoll misses you.
Aiming: Magic Dart (safe; 6% risk of failure)
Press: ? - help, Q - select action, (/) - cycle Shift-Dir - straight line, f/p - gnoll
Aim: a gnoll, wielding a +0 flail (severely wounded, ally target, 100% to hit)
The magic dart hits the gnoll.
The gnoll is almost dead.
The gnoll barely misses your cerulean imp.
Your cerulean imp barely misses the gnoll.
The gnoll misses you.
Your magical contamination has completely faded away.
Aiming: Magic Dart (safe; 6% risk of failure)
Press: ? - help, Q - select action, (/) - cycle Shift-Dir - straight line, f/p - gnoll
Aim: a gnoll, wielding a +0 flail (almost dead, ally target, 100% to hit)
The magic dart hits the gnoll.
You kill the gnoll!
Cheibriados appreciates the change of pace.
The gnoll hits your cerulean imp with a +0 whip.
Your cerulean imp hits the gnoll but does no damage.
The gnoll closely misses your cerulean imp.
Your cerulean imp hits the gnoll with a -3 spear.
The gnoll hits your cerulean imp with a +0 whip!
Your cerulean imp dies!
Your cerulean imp disappears in a puff of smoke!
The gnoll is attracted toward you. x2; Something is attracted toward you.
Things that are here:
a +0 flail; a gnoll corpse The gnoll attacks as it pursues you!
The gnoll misses you. The gnoll attacks as it pursues you!
The gnoll closely misses you. The bat is attracted toward you.
The gnoll barely misses you. The bat hits you but does no damage.
The gnoll attacks as it pursues you! The gnoll closely misses you.
The gnoll misses you. The gnoll hits you with a +0 club.
* * * LOW HITPOINT WARNING * * *
The bat is attracted toward you.
There is a stone staircase leading down, spattered with blood here.
The gnoll hits you with a +0 whip.
You die...
Cheibriados appreciates the motionlessness of death.

##############
#..§gb.......#
#§##########.#
##.##
########...########
#.........gg.......
#.#.###...b@>.....$
#..§..#######
##...## ##.## #.#
#.# #.# #.. #.#


You could see 2 gnolls and a bat.

Vanquished Creatures
  A gnoll (D:3)
  3 adders
  2 dart slugs (D:1)
  2 orcs (D:4)
  3 ball pythons
  6 bats
  3 endoplasms
  A giant cockroach (D:1)
  3 goblins
  6 hobgoblins
  2 kobolds (D:1)
  A quokka (D:1)
  5 frilled lizards
  2 rats
40 creatures vanquished.

Notes
Turn   | Place    | Note
-------+----------+-------------------------------------------
     0 | D:1      | KennySheep the Deep Elf Hedge Wizard began the quest for
                  | the Orb.
     0 | D:1      | Reached XP level 1. HP: 10/10 MP: 7/7
    46 | D:1      | Found a faded altar of an unknown god.
   142 | D:1      | Prayed at the altar of an unknown god.
   142 | D:1      | Became a worshipper of Cheibriados the Contemplative
   142 | D:1      | Reached * piety under Cheibriados
   276 | D:1      | Reached skill level 1 in Ranged Weapons
   276 | D:1      | Reached XP level 2. HP: 15/15 MP: 2/9
   279 | D:1      | Learned a level 2 spell: Blink
   282 | D:1      | Learned a level 2 spell: Call Imp
   780 | D:1      | Reached skill level 1 in Invocations
   780 | D:1      | Reached XP level 3. HP: 20/20 MP: 8/11
   912 | D:2      | Reached ** piety under Cheibriados
  1150 | D:2      | Learned a level 3 spell: Mephitic Cloud
  1201 | D:2      | Reached skill level 1 in Fighting
  1296 | D:2      | You fall into a shaft and drop 2 floors!
  1380 | D:4      | Noticed a bullfrog
  1380 | D:4      | Noticed Edmund
  1413 | D:4      | Reached XP level 4. HP: 25/25 MP: 6/12
  1501 | D:3      | Slain by a gnoll

Illustrated notes

Levels and vault maps discovered:
D:1:      dreamdust_arrival_beginning_and_end, layout_rooms,
          shapermc_ecumenical_altar_flowoftime, minmay_surrounded
D:2:      layout_rooms, nrook_loot_triangle
D:3:      layout_loops_ring
D:4:      layout_cave_pools, reono_crystal_passage, nicolae_zig_zag_zippers,
          uniq_edmund

Skill      XL: |  1  2  3 |
---------------+----------+-----
Ranged Weapons | 1 2 |  2.5
Invocations    | 1 |  1.3
Fighting       | 1 |  1.0
Stealth        | 3 |  3.2
Dodging        | 3 |  3.0
Spellcasting   | |  4.8
Conjurations   | |  1.1
Summonings     | |  1.1
Translocations | |  1.1

Action                     |  1- 3 |  4- 6 || total
---------------------------+-------+-------++-------
  Melee: Dagger            |    44 |       ||    44
   Cast: Magic Dart        |    81 |     4 ||    85
         Blink             |       |     2 ||     2
         Call Imp          |       |     2 ||     2
    Use: Scroll            |     2 |     2 ||     4
         Potion            |       |     4 ||     4
   Stab: Sleeping          |     4 |       ||     4
 Armour: Robe              |    26 |    12 ||    38
  Dodge: Dodged            |    23 |    17 ||    40

Table legend: (Time is in decaauts)
 A = Elapsed time spent in this place.
 B = Non-inter-level travel time spent in this place.
 C = Inter-level travel time spent in this place.
 D = Time resting spent in this place.
 E = Time spent auto-exploring this place.
 F = Levels seen in this place.
 G = Mean time per level.
                   A        B        C        D        E       F      G
               +--------+--------+--------+--------+--------+-----+--------+
         Total |   1766 |   1699 |     67 |    275 |    993 |   4 |  441.5 |
       Dungeon |   1766 |   1699 |     67 |    275 |    993 |   4 |  441.5 |
               +--------+--------+--------+--------+--------+-----+--------+

Top non-repeatable levels by time:
     D:1: 1058 daAuts
     D:2: 465 daAuts
     D:4: 198 daAuts
     D:3: 43 daAuts
